 Dungeon Crawl Stone Soup version 0.30.1-3-gfc49f6343a (webtiles) character file.

Game seed: 949606505230407387

5003 Almogavar the Thaumaturge (level 10, 0/50 HPs)
             Began as a Deep Elf Conjurer on Aug 1, 2023.
             Was a Priest of Sif Muna.
             Killed from afar by an acid dragon (30 damage)
             ... with a splash of acid
             ... on level 10 of the Dungeon.
             The game lasted 00:41:22 (10147 turns).

Almogavar the Thaumaturge (Deep Elf Conjurer)      Turns: 10147, Time: 00:41:23

Health: 0/50       AC:  9    Str:  7    XL:     10   Next: 29%
Magic:  18/28      EV: 15    Int: 28    God:    Sif Muna [***...]
Gold:   225        SH:  0    Dex: 19    Spells: 20/34 levels left

rFire   + . .        l - staff of poison
rCold   . . .        (no shield)
rNeg    . . .        u - +0 robe of Brilliance {Str+3 Slay+3}
rPois   +            E - +0 helmet
rElec   .            A - +2 cloak
rCorr   .            e - +2 pair of gloves
SInv    .            (no boots)
Will    ++...        (no amulet)
Stlth   ++++         i - +6 ring of dexterity
HPRegen 0.28/turn    j - ring of protection from fire
MPRegen 0.21/turn

%: no passive effects
@: unable to drink
A: strong-willed 1, subdued magic 1, inability to drink after injury 1
a: Renounce Religion, Channel Magic, Forget Spell


You were on level 10 of the Dungeon.
You worshipped Sif Muna.
Sif Muna was most pleased with you.
You visited 2 branches of the dungeon, and saw 11 of its levels.
You also visited: Sewer and Ossuary.

You collected 773 gold pieces.
You spent 548 gold pieces at shops.

Inventory:

Hand Weapons
 h - a +1 dagger of chaos
 r - a +4 dagger of holy wrath
Missiles
 t - a throwing net
Armour
 e - a +2 pair of gloves (worn)
 k - an orb of mayhem
 q - a +0 troll leather armour {Pargi}
 u - the +0 robe of Brilliance (worn) {Str+3 Slay+3}
   (You took it off a kobold brigand on level 4 of the Dungeon)

   Str:       It affects your strength (+3).
   Slay:      It affects your accuracy & damage with ranged weapons and melee
   (+3).
 v - a +2 robe of cold resistance
 A - a +2 cloak (worn)
 E - a +0 helmet (worn)
 H - a +2 robe of positive energy
 N - the -2 pair of boots of the Gardener {Harm rElec rCorr Str+3 Dex-5}
   (You bought it in a shop on level 9 of the Dungeon)

   Str:       It affects your strength (+3).
   Dex:       It affects your dexterity (-5).
   rElec:     It insulates you from electricity.
   rCorr:     It protects you from acid and corrosion.
   Harm:      It increases damage dealt and taken.
Magical Staves
 l - a staff of poison (weapon)
Jewellery
 i - a +6 ring of dexterity (left hand)
 j - a ring of protection from fire (right hand)
Wands
 d - a wand of light (3)
 m - a wand of digging (4)
 F - a wand of polymorph (7)
 G - a wand of flame (16)
Scrolls
 f - 2 scrolls of poison
 s - a scroll of fear
 y - 3 scrolls of brand weapon
 I - a scroll of magic mapping {unknown}
 K - a scroll of fog {unknown}
 L - a scroll of acquirement {unknown}
 M - a scroll of noise {unknown}
Potions
 a - a potion of lignification
 b - a potion of magic
 c - 3 potions of resistance
 g - 4 potions of mutation
 n - 3 potions of haste
 o - 2 potions of brilliance
 p - 5 potions of heal wounds
 w - 2 potions of cancellation {unknown}
 x - 3 potions of attraction {unknown}
 z - 3 potions of invisibility {unknown}
 B - a potion of might {unknown}
 C - 2 potions of flight {unknown}
 D - a potion of berserk rage {unknown}
 J - 2 potions of curing


   Skills:
 + Level 1.1 Short Blades
 + Level 1.2 Staves
 + Level 6.0 Dodging
 + Level 6.6 Stealth
 + Level 12.6 Spellcasting
 + Level 11.5 Conjurations


You had 20 spell levels left.
You knew the following spells:

 Your Spells              Type           Power      Damage    Failure   Level
a - Magic Dart            Conj           100%       1d8       0%          1
b - Searing Ray           Conj           100%       2d8       1%          2
c - Fulminant Prism       Conj/Hex       19%        3d10      1%          4
d - Dazzling Flash        Conj/Hex       76%        N/A       1%          3
e - Iskenderun's Mystic   Conj/Tloc      38%        2d9       1%          4

Your spell library contained the following spells:

 Spells                   Type           Power      Damage    Failure   Level
 Lesser Beckoning         Tloc           26%        N/A       3%          2
 Gell's Gravitas          Tloc           13%        N/A       8%          3
 Teleport Other           Tloc           13%        N/A       8%          3


Dungeon Overview and Level Annotations

Branches:
Dungeon (10/15)            Temple (1/1) D:4            Lair (0/5) D:8
  Sewer (visited)         Ossuary (visited)
    Orc: D:9-12

Altars:
Ashenzari
Cheibriados
Dithmenos
Elyvilon
Fedhas
Gozag
Hepliaklqana
Kikubaaqudgha
Makhleb
Nemelex Xobeh
Qazlal
Ru
Sif Muna
Trog
Uskayaw
Vehumet
Wu Jian
Xom
Yredelemnul
Zin
The Shining One

Shops:
D:4 *   D:9 ([[!(

Annotations:
D:8 Joseph


Innate Abilities, Weirdness & Mutations

You are strong-willed. (Will+)
Your spells are a little easier to cast, but a little less powerful.
You occasionally lose the ability to drink potions when taking damage.


Message History

You destroy the vampire mosquito!
Sif Muna accepts your kill.
You finish channelling your searing ray.
Your Dodging skill increases to level 6!
Casting: Searing Ray (safe; 1% risk of failure)
Confirm with . or Enter, or press ? or * to list all spells.
You can't see any susceptible monsters within range! (Use Z to cast anyway.)
Casting: Searing Ray (safe; 1% risk of failure)
Confirm with . or Enter, or press ? or * to list all spells.
Aiming: Magic Dart (safe; 0% risk of failure)
Press: ? - help, Shift-Dir - straight line, f - acid dragon
Aim: an acid dragon (100% to hit)
The magic dart hits the acid dragon but does no damage.
The acid dragon spits acid at you. The splash of acid hits you!!
You hear an angry buzzing noise.
Casting: Magic Dart (safe; 0% risk of failure)
Confirm with . or Enter, or press ? or * to list all spells.
Aiming: Magic Dart (safe; 0% risk of failure)
Press: ? - help, Shift-Dir - straight line, f/p - acid dragon
Aim: an acid dragon (catching its breath, 100% to hit)
The magic dart hits the acid dragon.
The acid dragon is lightly wounded.
Casting: Magic Dart (safe; 0% risk of failure)
Confirm with . or Enter, or press ? or * to list all spells.
Aiming: Searing Ray (safe; 1% risk of failure)
Press: ? - help, Shift-Dir - straight line, f/p - acid dragon
Aim: an acid dragon (lightly wounded, catching its breath, 83% to hit)
The searing ray hits the acid dragon!
The acid dragon is heavily wounded. (Press . to maintain the ray.)
The searing ray hits the acid dragon.
The acid dragon is severely wounded.
The searing ray hits the acid dragon.
The acid dragon is severely wounded.
The acid dragon spits acid at you. The splash of acid hits you!!
You feel threatened and lose the ability to drink potions!
Ouch! That really hurt!
You die...

#.......##........##...
#.#.......#.........#..#
###.#......#...#.....#....
.............##.#....##..
...##..(........#....#
..................
.................
#....#............
.....#....@.......
.....#..D......... ..
##........)..
#............
y...(.............
y.....####........ #.....
......... ..##. .........
# #. ...#...


You could see an acid dragon (catching breath).

Vanquished Creatures
  Pikel (D:6)
  A komodo dragon (D:8)
  The ghost of zen1337 the Magician, an amateur DsCj (D:4)
  Sigmund (D:4)
  A shadow (D:9)
  A vampire mosquito (D:10)
  Menkaure (D:5)
  A water moccasin (D:9)
  Duvessa (D:5)
  Pargi (Sewer)
  3 ogres
  3 orc warriors
  3 ice beasts
  A black bear (D:6)
  2 centaurs
  3 lemures (D:6)
  Blork the orc (D:5)
  2 kobold brigands
  A bullfrog (D:6)
  2 gnoll sergeants
  7 wights
  Dowan (D:5)
  10 killer bees (D:9)
  Crazy Yiuf (D:5)
  5 hounds
  2 jellies (D:7)
  5 orc priests
  An iguana (D:4)
  A sleepcap (D:6)
  Terence (D:2)
  3 orc wizards
  8 mummies (Ossuary)
  16 gnolls
  7 adders
  A river rat (D:4)
  A white imp (D:6)
  5 worms
  13 orcs
  4 endoplasms
  A giant cockroach (D:2)
  A gnoll zombie (Ossuary)
  11 goblins
  3 hobgoblins
  5 quokkas
  4 ball pythons
  7 bats
  2 frilled lizards
  3 hobgoblin zombies (Ossuary)
  22 kobolds
  2 kobold zombies (Ossuary)
  2 orc zombies (Ossuary)
  2 quokka zombies (D:6)
  13 rats
201 creatures vanquished.

Vanquished Creatures (others)
  6 fulminant prisms
6 creatures vanquished.

Grand Total: 207 creatures vanquished

Notes
Turn   | Place    | Note
-------+----------+-------------------------------------------
     0 | D:1      | Almogavar the Deep Elf Conjurer began the quest for the
                  | Orb.
     0 | D:1      | Reached XP level 1. HP: 10/10 MP: 6/6
    31 | D:1      | Reached XP level 2. HP: 15/15 MP: 4/8
   335 | D:1      | Reached skill level 5 in Conjurations
   799 | D:2      | Noticed Terence
   805 | D:2      | Killed Terence
   806 | D:2      | Reached XP level 3. HP: 19/19 MP: 2/10
   887 | D:2      | Learned a level 2 spell: Searing Ray
   993 | D:2      | Reached skill level 4 in Spellcasting
   993 | D:2      | Reached XP level 4. HP: 24/24 MP: 6/12
  1771 | D:3      | Reached XP level 5. HP: 28/28 MP: 11/13
  1816 | D:3      | Found a sparkling altar of Nemelex Xobeh.
  1816 | D:3      | Found an ornate altar of the Wu Jian Council.
  1817 | D:3      | Found a broken altar of Ashenzari.
  1933 | D:3      | Found a burning altar of Makhleb.
  2347 | D:4      | Noticed Sigmund
  2416 | D:4      | Found a glowing drain.
  2425 | Sewer    | Entered a sewer
  2530 | Sewer    | Reached skill level 5 in Spellcasting
  2603 | Sewer    | Noticed Pargi
  2616 | Sewer    | Killed Pargi
  2617 | Sewer    | Reached XP level 6. HP: 11/32 MP: 6/16
  2897 | D:4      | Found a glowing golden altar of the Shining One.
  3017 | D:4      | Found a staircase to the Ecumenical Temple.
  3083 | Temple   | Entered the Ecumenical Temple
  3118 | Temple   | Became a worshipper of Sif Muna the Loreminder
  3191 | D:4      | Killed Sigmund
  3192 | D:4      | Reached skill level 6 in Spellcasting
  3192 | D:4      | Reached XP level 7. HP: 33/36 MP: 9/18
  3274 | D:4      | Found Qentuu's Mayhem Merchandise.
  3429 | D:4      | Found a runed translucent gate.
  3436 | D:4      | Found a runed translucent gate.
  3438 | D:4      | Found a runed translucent gate.
  3438 | D:4      | Noticed zen1337's ghost (amateur DsCj)
  3540 | D:4      | Identified the +0 robe of Brilliance {Str+3 Slay+3}
  3550 | D:4      | Learned a level 4 spell: Fulminant Prism
  3554 | D:4      | Learned a level 3 spell: Dazzling Flash
  3560 | D:4      | Gained mutation: You are strong-willed. (Will+) [potion of
                  | mutation]
  3560 | D:4      | Gained mutation: Your spells are a little easier to cast,
                  | but a little less powerful. [potion of mutation]
  3560 | D:4      | Gained mutation: You occasionally lose the ability to drink
                  | potions when taking damage. [potion of mutation]
  3708 | D:4      | Killed zen1337's ghost
  3709 | D:4      | Reached skill level 7 in Spellcasting
  3859 | D:5      | Entered Level 5 of the Dungeon
  3899 | D:5      | Noticed Duvessa
  3901 | D:5      | Noticed Dowan
  3906 | D:5      | Killed Duvessa
  3908 | D:5      | Killed Dowan
  4049 | D:5      | Reached XP level 8. HP: 41/41 MP: 16/21
  4183 | D:5      | Noticed Blork the orc
  4191 | D:5      | Killed Blork the orc
  4192 | D:5      | Reached skill level 1 in Staves
  4316 | D:5      | Reached * piety under Sif Muna
  4346 | D:5      | Noticed Menkaure
  4353 | D:5      | Killed Menkaure
  4354 | D:5      | Reached skill level 8 in Spellcasting
  4771 | D:5      | Found a runed translucent door.
  4772 | D:5      | Noticed Crazy Yiuf
  5198 | D:5      | Killed Crazy Yiuf
  5280 | D:6      | Reached skill level 5 in Dodging
  5280 | D:6      | Reached skill level 9 in Spellcasting
  5759 | D:6      | Found a sand-covered staircase.
  5766 | Ossuary  | Entered an ossuary
  6102 | Ossuary  | Reached XP level 9. HP: 45/45 MP: 19/24
  6310 | D:6      | Noticed Pikel
  6324 | D:6      | Killed Pikel
  6325 | D:6      | Reached skill level 5 in Stealth
  6325 | D:6      | Reached skill level 10 in Spellcasting
  6475 | D:6      | Reached skill level 10 in Conjurations
  6842 | D:7      | Found a shimmering altar of Xom.
  6962 | D:7      | Reached ** piety under Sif Muna
  7075 | D:7      | Found a snail-covered altar of Cheibriados.
  7600 | D:7      | Reached skill level 11 in Spellcasting
  7680 | D:7      | Learned a level 4 spell: Iskenderun's Mystic Blast
  8101 | D:8      | Noticed Joseph
  8105 | D:8      | Found a staircase to the Lair.
  8164 | D:8      | Noticed a komodo dragon
  8982 | D:8      | Killed a komodo dragon
  8983 | D:8      | Reached skill level 12 in Spellcasting
  9071 | D:9      | Found Keexaxa's Distillery.
  9072 | D:9      | Found Peyfid's Armour Boutique.
  9077 | D:9      | Found Meck's Weapon Emporium.
  9080 | D:9      | Bought a potion of heal wounds for 60 gold pieces
  9080 | D:9      | Bought a potion of resistance for 120 gold pieces
  9080 | D:9      | Bought a potion of curing for 36 gold pieces
  9099 | D:9      | Reached XP level 10. HP: 50/50 MP: 22/28
  9276 | D:9      | Found a radiant altar of Vehumet.
  9276 | D:9      | Found an opulent altar of Gozag.
  9596 | D:9      | Reached skill level 1 in Short Blades
  9597 | D:9      | Reached *** piety under Sif Muna
  9837 | D:9      | Found a glowing silver altar of Zin.
  9845 | D:9      | Found Futef's Antique Armour Boutique.
  9853 | D:9      | Bought a pair of twisted boots for 332 gold pieces
  9853 | D:9      | Identified the -2 pair of boots of the Gardener {Harm rElec
                  | rCorr Str+3 Dex-5} (You bought it in a shop on level 9 of
                  | the Dungeon)
  9886 | D:9      | Found Jigogaco's Weapon Emporium.
 10108 | D:10     | Entered Level 10 of the Dungeon
 10147 | D:10     | Killed from afar by an acid dragon

Illustrated notes

Levels and vault maps discovered:
D:1:      saegor_arrival_under_anarchy, layout_basic
D:2:      layout_rooms, uniq_terence
D:3:      layout_rooms, gammafunk_temple_overflow_claw, bloody_makhleb,
          nicolae_wormholes
D:4:      layout_rooms, kennysheep_mini, temple_hall,
          gammafunk_ghost_nasty_kobolds, lightli_sewer_entry_pipes,
          minmay_shop_mayhem, uniq_sigmund
D:5:      layout_cave_pods, kennysheep_minor_cross, uniq_menkaure,
          uniq_blork_the_orc, uniq_crazy_yiuf_cottage, uniq_duvessa
D:6:      layout_loops_ring, enter_ossuary_4, uniq_pikel
D:7:      layout_rooms, mainiacjoe_overflow_catwalk_spiral,
          roderic_nine_men_s_morris
D:8:      layout_rooms, david_lair_shrubbed, uniq_joseph
D:9:      layout_rooms, general_overflow_altar,
          chequers_temple_overflow_statue_of_worship, serial_shops,
          nicolae_shop_crystal, shop, shop, shop, shop
D:10:     layout_cave_pools
Temple:   nicolae_temple_bog_church

Skill      XL: |  1  2  3  4  5  6  7  8  9 10 |
---------------+-------------------------------+-----
Conjurations   | 5 6 7 8 9 11 | 11.5
Spellcasting   | 4 5 6 7 9 12 | 12.6
Stealth        | 3 4 5 6 |  6.6
Dodging        | 3 4 5 6 |  6.0
Staves         | 1 |  1.2
Short Blades   | 1 |  1.1

Action                     |  1- 3 |  4- 6 |  7- 9 | 10-12 || total
---------------------------+-------+-------+-------+-------++-------
  Melee: Dagger            |       |     4 |     3 |       ||     7
         Staff             |       |    17 |     2 |       ||    19
   Cast: Magic Dart        |    40 |    92 |   160 |    27 ||   319
         Searing Ray       |     2 |    11 |    62 |    19 ||    94
         Fulminant Prism   |       |       |     5 |     1 ||     6
         Dazzling Flash    |       |       |     1 |       ||     1
    Use: Potion            |       |       |     2 |       ||     2
         Scroll            |       |       |    18 |     2 ||    20
   Stab: Sleeping          |       |     2 |     4 |       ||     6
 Armour: Robe              |     2 |    17 |    12 |     8 ||    39
  Dodge: Dodged            |     3 |    51 |    66 |    26 ||   146
